 Dungeon Crawl Stone Soup version 0.26.0-10-g1f06aea511 (webtiles) character file.

Game seed: 10257366358567868332

315 Borgoz the Skirmisher (level 6, -12/52 HPs)
             Began as a Ghoul Gladiator on Jan 15, 2021.
             Mangled by a two-headed ogre
             ... wielding a +0 giant club
              (15 damage)
             ... on level 4 of the Dungeon.
             The game lasted 00:06:52 (2873 turns).

Borgoz the Skirmisher (Ghoul Gladiator)             Turns: 2873, Time: 00:06:53

Health: -12/52     AC: 10    Str: 18    XL:     6   Next: 43%
Magic:  5/5        EV: 16    Int:  3    God:
Gold:   173        SH:  0    Dex: 12    Spells: 5/5 levels left

rFire    . . .     SeeInvis .   a - +1 long sword
rCold    + . .     Faith    .   (no shield)
rNeg     + + +     Spirit   .   f - +0 ring mail
rPois    ∞         Reflect  .   c - +0 helmet
rElec    .         Harm     .   l - +0 cloak (curse)
rCorr    .         Rampage  .   b - +0 pair of gloves
Will     +....                  k - +0 pair of boots
Stlth    +.........             j - amulet of regeneration
HPRegen  0.00/turn              e - +4 ring of evasion
MPRegen  0.09/turn              t - ring of willpower

@: no status effects
A: claws 1, cold resistance 1, negative energy resistance 3, inhibited
regeneration, torment resistance, unbreathing
a: no special abilities


You were on level 4 of the Dungeon.
You visited 1 branch of the dungeon, and saw 4 of its levels.

You collected 173 gold pieces.

Inventory:

Hand Weapons
 a - a +1 long sword (weapon)
Armour
 b - a +0 pair of gloves (worn)
 c - a +0 helmet (worn)
 f - a +0 ring mail (worn)
 k - a +0 pair of boots (worn)
 l - a cursed +0 cloak (worn)
Jewellery
 e - a +4 ring of evasion (left hand)
 j - an amulet of regeneration (around neck)
 p - an uncursed amulet of the acrobat
 t - a ring of willpower (right hand)
Scrolls
 g - 4 scrolls of remove curse
 n - 2 scrolls of teleportation
 q - a scroll of amnesia {unknown}
 r - a scroll of noise {unknown}
Potions
 h - a potion of cancellation {unknown}
 i - a potion of brilliance
 o - a potion of might {unknown}
 s - a potion of magic {unknown}
 u - a potion of lignification {unknown}


   Skills:
 + Level 4.0 Fighting
 + Level 3.9 Long Blades
 - Level 1.7 Throwing
 + Level 2.6 Armour
 + Level 3.9 Dodging


You had 5 spell levels left.
You didn't know any spells.
Your spell library was empty.

Dungeon Overview and Level Annotations

Branches:
Dungeon (4/15)
 Temple: D:4-7

Altars:
Kikubaaqudgha
Okawaru
Uskayaw
Vehumet

Shops:
D:4 [


Innate Abilities, Weirdness & Mutations

You thrive by killing the living.
You are immune to poison.
You have sharp fingernails.
Your flesh is cold resistant. (rC+)
You are immune to negative energy. (rN+++)
You do not regenerate when monsters are visible.
You are immune to unholy pain and torment.
You can survive without breathing.


Message History

You hit the two-headed ogre.
The two-headed ogre is severely wounded.
The two-headed ogre struggles against the net.
You hit the two-headed ogre.
The two-headed ogre is severely wounded.
The two-headed ogre struggles against the net. x2
The net rips apart, and the two-headed ogre comes free!
Unknown command.
Okay, then.
You slash the two-headed ogre!
The two-headed ogre is almost dead.
The two-headed ogre hits you with a +0 giant club.
* * * LOW HITPOINT WARNING * * *
The two-headed ogre hits you with a +0 giant club!
* * * LOW HITPOINT WARNING * * *
Okay, then.
You completely miss the two-headed ogre.
The two-headed ogre is almost dead.
The two-headed ogre hits you with a +0 giant club!
You die...

..# #.....#
#.# #.###.#
#.# #.# #.#
#.#######.#
#.#
#.........
##.##
##.......#
#...###
#.......#
#.#.(.####
#.......#
#........#
#.......#
##.##@##.#
#.......#
#. #O# #
##.......#
.. ..#
..########
#..#### #.#
#### #..
#.# #.. #.#
#.#
#.###.####
.........#


You could see a two-headed ogre.

Vanquished Creatures
  An orc priest (D:4)
  An orc wizard (D:4)
  Crazy Yiuf (D:2)
  Robin (D:3)
  7 adders
  2 oozes (D:1)
  6 worms
  5 dart slugs
  10 leopard geckos
  3 orcs
  A ball python (D:1)
  4 giant cockroaches
  23 goblins
  11 hobgoblins
  3 jackals (D:2)
  9 bats
  5 frilled lizards
  10 kobolds
  10 rats
113 creatures vanquished.

Notes
Turn   | Place    | Note
-------+----------+-------------------------------------------
     0 | D:1      | Borgoz the Ghoul Gladiator began the quest for the Orb.
     0 | D:1      | Reached XP level 1. HP: 17/17 MP: 0/0
    82 | D:1      | Reached XP level 2. HP: 25/25 MP: 1/1
   243 | D:1      | Reached XP level 3. HP: 27/30 MP: 2/2
   287 | D:1      | Reached skill level 1 in Armour
   975 | D:2      | Reached skill level 3 in Fighting
  1003 | D:2      | Reached XP level 4. HP: 38/38 MP: 3/3
  1030 | D:2      | Found an ancient bone altar of Kikubaaqudgha.
  1147 | D:2      | Found a runed translucent door.
  1148 | D:2      | Noticed Crazy Yiuf
  1160 | D:2      | Killed Crazy Yiuf
  1333 | D:2      | Reached XP level 5. HP: 42/45 MP: 4/4
  1915 | D:3      | Noticed Robin
  1995 | D:3      | Killed Robin
  2023 | D:3      | Found a hide-covered altar of Uskayaw.
  2120 | D:3      | Reached XP level 6. HP: 52/52 MP: 5/5
  2217 | D:3      | Found a radiant altar of Vehumet.
  2623 | D:4      | Reached skill level 4 in Fighting
  2685 | D:4      | Found an iron altar of Okawaru.
  2720 | D:4      | Found Sumaeth's Antique Armour Boutique.
  2858 | D:4      | Noticed a two-headed ogre
  2873 | D:4      | Mangled by a two-headed ogre

Illustrated notes

Levels and vault maps discovered:
D:1:      dpeg_arrival_stonehenge_12_columns, layout_basic
D:2:      layout_loops_corners, overflow_temple_1_default, dk_noncrumbling_3,
          uniq_crazy_yiuf_cottage
D:3:      cheibrodos_old_hovel, layout_rooms, eat_drink_and_be_merry_uskayaw,
          general_overflow_altar, minmay_increasing_density, uniq_robin
D:4:      layout_loops_cross, kennysheep_little_box,
          nicolae_overflow_hidden_temple, serial_shops, nicolae_shop_waterfront,
          shop, uniq_menkaure

Skill      XL: |  1  2  3  4  5  6 |
---------------+-------------------+-----
Long Blades    | 3 |  3.9
Dodging        | 3 |  3.9
Armour         | 1 2 |  2.6
Fighting       | 3 4 |  4.0
Throwing       | |  1.7

Action                   |  1- 3 |  4- 6 || total
-------------------------+-------+-------++-------
Melee: Long sword        |    86 |   222 ||   308
Throw: Throwing net      |       |     3 ||     3
  Use: Potion            |     4 |     2 ||     6
       Scroll            |     3 |     3 ||     6
 Stab: Held in net/web   |       |     3 ||     3
       Sleeping          |       |     6 ||     6
Armor: Leather armour    |    28 |     8 ||    36
       Ring mail         |       |    61 ||    61
Dodge: Dodged            |    81 |   219 ||   300
       Rpst.: Long sword |    32 |    76 ||   108
